 Dungeon Crawl Stone Soup version 0.30-a0-125-g51eefa89be (webtiles) character file.

Game seed: 11890600731253395488

4620 Querens the Thaumaturge (level 10, -7/50 HPs)
             Began as a Deep Elf Conjurer on Sept 18, 2022.
             Was a Follower of Vehumet.
             Shot with a bolt by an orc warrior (17 damage)
             ... on level 8 of the Dungeon.
             The game lasted 00:28:35 (5787 turns).

Querens the Thaumaturge (Deep Elf Conjurer)         Turns: 5787, Time: 00:28:36

Health: -7/50      AC: 14    Str:  4    XL:     10   Next: 19%
Magic:  13/27      EV: 12    Int: 28    God:    Vehumet [*.....]
Gold:   526        SH:  0    Dex: 13    Spells: 20/31 levels left

rFire   + . .      SeeInvis .    S - +3 scimitar
rCold   . . .      Faith    .    (no shield)
rNeg    . . .      Spirit   .    H - +2 robe {rF+}
rPois   .          Reflect  .    q - +0 helmet
rElec   .          Harm     .    D - +0 cloak
rCorr   +          Rampage  .    (no gloves)
Will    +....                    P - +2 pair of boots
Stlth   ++........               (no amulet)
HPRegen 0.16/turn                w - ring of resist corrosion
MPRegen 0.20/turn                C - +4 ring of protection

@: studying Armour
A: no striking features
a: Renounce Religion


You were on level 8 of the Dungeon.
You worshipped Vehumet.
Vehumet was aware of your devotion.
You visited 2 branches of the dungeon, and saw 9 of its levels.
You also visited: Sewer.

You collected 526 gold pieces.

Inventory:

Hand Weapons
 N - a +0 demon whip of electrocution
 S - a +3 scimitar (weapon)
Missiles
 y - 2 curare-tipped darts
Armour
 q - a +0 helmet (worn)
 D - a +0 cloak (worn)
 H - a +2 robe of fire resistance (worn)
 I - a +1 robe of willpower
 P - a +2 pair of boots (worn)
Jewellery
 w - a ring of resist corrosion (left hand)
 A - a ring of flight
 C - a +4 ring of protection (right hand)
 R - a ring of protection from fire
Wands
 i - a wand of digging (8)
 B - a wand of iceblast (10)
 G - a wand of charming (7)
 L - a wand of flame (21)
 O - a wand of light (9)
Scrolls
 a - a scroll of vulnerability {unknown}
 d - a scroll of amnesia {unknown}
 e - 3 scrolls of blinking {unknown}
 g - 2 scrolls of immolation
 h - 4 scrolls of magic mapping
 k - 3 scrolls of fear
 s - a scroll of noise {unknown}
 t - a scroll of teleportation {unknown}
 u - 4 scrolls of enchant weapon
 z - a scroll of brand weapon {unknown}
 E - a scroll of acquirement {unknown}
 J - a scroll of summoning {unknown}
 K - a scroll of enchant armour {unknown}
Potions
 b - a potion of magic
 c - 2 potions of resistance
 f - a potion of mutation
 j - 3 potions of invisibility
 l - 2 potions of brilliance
 m - a potion of attraction {unknown}
 n - a potion of lignification {unknown}
 o - 2 potions of ambrosia
 p - 2 potions of might
 r - 2 potions of degeneration {unknown}
 v - a potion of curing
 x - a potion of flight {unknown}
 F - 2 potions of heal wounds {unknown}
 M - 2 potions of haste {unknown}


   Skills:
 + Level 4.6 Armour
 - Level 2.4 Dodging
 - Level 2.4 Stealth
 + Level 11.3 Spellcasting
 + Level 10.2 Conjurations
 + Level 2.3 Hexes
 + Level 8.5 Translocations


You had 20 spell levels left.
You knew the following spells:

 Your Spells              Type           Power      Damage    Failure   Level
a - Magic Dart            Conj           100%       1d8       1%          1
b - Searing Ray           Conj           100%       2d8       1%          2
c - Iskenderun's Mystic   Conj/Tloc      62%        2d13      1%          4
d - Fulminant Prism       Conj/Hex       25%        3d14      2%          4

Your spell library contained the following spells:

 Spells                   Type           Power      Damage    Failure   Level
 Shock                    Conj/Air       100%       1d9       1%          1
 Dazzling Flash           Conj/Hex       100%       N/A       1%          3
 Mephitic Cloud           Conj/Pois/Air  35%        N/A       2%          3
 Call Imp                 Summ           15%        N/A       5%          2
 Cigotuvi's Dreadful Rot  Necr/Pois/Air  30%        N/A       5%          2
 Poisonous Vapours        Pois/Air       30%        N/A       5%          2
 Dispersal                Tloc           29%        N/A       16%         6
 Disjunction              Tloc           29%        N/A       100%        8


Dungeon Overview and Level Annotations

Branches:
Dungeon (8/15)             Temple (1/1) D:6           Sewer (visited)
   Lair: D:8-11

Altars:
Ashenzari
Cheibriados
Dithmenos
Elyvilon
Fedhas
Gozag
Hepliaklqana
Kikubaaqudgha
Makhleb
Nemelex Xobeh
Okawaru
Qazlal
Ru
Sif Muna
Trog
Uskayaw
Vehumet
Wu Jian
Xom
Yredelemnul
Zin
The Shining One

Annotations:
D:7 Joseph
D:8 Gastronok


Message History

The centaur is severely wounded.
The centaur shoots an arrow.
The arrow hits you but does no damage.
The searing ray hits the centaur but does no damage.
The centaur is severely wounded.
You finish channelling your searing ray.
The centaur shoots an arrow.
The arrow closely misses you.
The centaur shoots an arrow.
The arrow barely misses you.
Unknown command.
Unknown command.
Casting: Searing Ray (safe; 1% risk of failure)
Confirm with . or Enter, or press ? or * to list all spells.
Aiming: Searing Ray (safe; 1% risk of failure)
Press: ? - help, Shift-Dir - straight line, f/p - centaur
Aim: a centaur, wielding a +2 shortbow of freezing and quivering stones (heavily wounded, 90% to hit)
The searing ray hits the centaur!
The centaur is almost dead. (Press . to maintain the ray.)
The centaur shoots an arrow.
The arrow hits you. The arrow freezes you.
Unknown command.
The searing ray hits the centaur!
You kill the centaur!
Vehumet accepts your kill.
You see here a howler monkey corpse.
A centaur comes into view.
An orc warrior comes into view. It is wielding a +0 hand axe.
The orc warrior shouts!
You hear a shout! x2
The orc warrior unwields a +0 hand axe.
The orc warrior wields a +0 arbalest.
The orc warrior shoots a bolt.
The bolt hits you!
* * * LOW HITPOINT WARNING * * *
Items here: ( )) †.
The centaur wields a +0 shortbow.
The centaur shoots an arrow.
The arrow hits you.
* * * LOW HITPOINT WARNING * * *
The centaur shoots an arrow.
The arrow hits you but does no damage.
The centaur unwields a +0 shortbow.
The centaur hits you but does no damage.
The centaur barely misses you.
An orc comes into view. It is wielding a +0 club.
The orc warrior shoots a bolt.
The bolt hits you!
You die...

#.......#
#...#
#######.#
......# #)#
#.##.#.#
#######[# #.
#.#.#
.......)#####
######.).†..##
.
#.###.).##...
#.###.#....o.#
#.#..@..####o.
#.#.##c## #.#.
.# #.. .# ##
.o ##


You could see an orc warrior, a centaur and an orc.

Vanquished Creatures
  Pikel (D:5)
  Sigmund (D:5)
  2 wyverns (D:7)
  Eustachio (D:5)
  A steam dragon (D:8)
  A water moccasin (D:7)
  An orc warrior (D:8)
  A sky beast (D:7)
  An ogre (D:4)
  An ice beast (D:7)
  2 centaurs
  3 lemures (D:5)
  Blork the orc (D:5)
  4 kobold brigands
  2 phantoms (D:5)
  2 bullfrogs
  5 scorpions
  14 wights
  6 killer bees (D:8)
  3 howler monkeys
  3 jellies
  A hound (D:5)
  2 orc priests
  Crazy Yiuf (D:4)
  A gnoll bouda (D:7)
  2 iguanas (D:5)
  Ijyb (D:5)
  3 orc wizards (D:7)
  11 gnolls
  11 adders
  7 river rats
  A white imp (D:5)
  An ufetubus (D:4)
  4 worms
  2 dart slugs
  15 orcs
  9 ball pythons
  5 bats
  6 endoplasms
  5 giant cockroaches
  10 goblins
  6 hobgoblins
  4 jackals
  13 kobolds
  5 quokkas
  5 frilled lizards
  9 rats
196 creatures vanquished.

Vanquished Creatures (others)
  9 fulminant prisms
  13 plants (Sewer)
22 creatures vanquished.

Grand Total: 218 creatures vanquished

Notes
Turn   | Place    | Note
-------+----------+-------------------------------------------
     0 | D:1      | Querens the Deep Elf Conjurer began the quest for the Orb.
     0 | D:1      | Reached XP level 1. HP: 10/10 MP: 6/6
   139 | D:1      | Reached XP level 2. HP: 12/15 MP: 1/8
   160 | D:1      | Learned a level 2 spell: Searing Ray
   392 | D:1      | Reached skill level 4 in Spellcasting
   461 | D:1      | Reached XP level 3. HP: 18/19 MP: 3/10
   474 | D:1      | Reached skill level 5 in Conjurations
   665 | D:2      | Found a faded altar of an unknown god.
   794 | D:2      | Reached XP level 4. HP: 22/24 MP: 4/12
  1097 | D:3      | Learned a level 4 spell: Iskenderun's Mystic Blast
  1102 | D:3      | Learned a level 4 spell: Fulminant Prism
  1715 | D:4      | Noticed an ogre
  1760 | D:4      | Reached skill level 5 in Spellcasting
  1760 | D:4      | Reached skill level 1 in Translocations
  1829 | D:4      | Found a glowing drain.
  1843 | D:4      | Reached XP level 5. HP: 20/28 MP: 2/14
  1892 | Sewer    | Entered a sewer
  2097 | Sewer    | Reached XP level 6. HP: 30/32 MP: 7/16
  2112 | Sewer    | Reached skill level 6 in Spellcasting
  2563 | D:4      | Reached XP level 7. HP: 14/36 MP: 1/18
  2807 | D:4      | Found a runed translucent door.
  2808 | D:4      | Noticed Crazy Yiuf
  2814 | D:4      | Killed Crazy Yiuf
  2842 | D:5      | Entered Level 5 of the Dungeon
  2898 | D:5      | Reached skill level 7 in Spellcasting
  3030 | D:5      | Noticed Ijyb
  3037 | D:5      | Killed Ijyb
  3106 | D:5      | Found a shimmering altar of Xom.
  3108 | D:5      | Found a snail-covered altar of Cheibriados.
  3108 | D:5      | Found a hazy altar of Hepliaklqana.
  3110 | D:5      | Found an ancient bone altar of Kikubaaqudgha.
  3110 | D:5      | Found a broken altar of Ashenzari.
  3110 | D:5      | Found a stormy altar of Qazlal.
  3179 | D:5      | Noticed Blork the orc
  3310 | D:5      | Noticed Sigmund
  3311 | D:5      | Killed Blork the orc
  3312 | D:5      | Reached skill level 5 in Translocations
  3317 | D:5      | Killed Sigmund
  3318 | D:5      | Reached skill level 8 in Spellcasting
  3318 | D:5      | Reached XP level 8. HP: 32/41 MP: 5/22
  3343 | D:5      | Noticed Eustachio
  3376 | D:5      | Killed Eustachio
  3510 | D:5      | Noticed Pikel
  3520 | D:5      | Killed Pikel
  3521 | D:5      | Reached skill level 9 in Spellcasting
  3639 | D:6      | Reached XP level 9. HP: 28/45 MP: 15/24
  3985 | D:6      | Reached skill level 10 in Spellcasting
  3995 | D:6      | Found a staircase to the Ecumenical Temple.
  4006 | Temple   | Entered the Ecumenical Temple
  4191 | Temple   | Became a worshipper of Vehumet
  4624 | D:7      | Reached skill level 1 in Armour
  4904 | D:7      | Noticed Joseph
  5236 | D:7      | Reached skill level 10 in Conjurations
  5237 | D:7      | Reached skill level 11 in Spellcasting
  5276 | D:7      | Reached * piety under Vehumet
  5276 | D:7      | Offered knowledge of Shock by Vehumet.
  5341 | D:8      | Noticed Gastronok
  5467 | D:8      | Reached XP level 10. HP: 34/50 MP: 11/27
  5526 | D:8      | Reached skill level 1 in Hexes
  5787 | D:8      | Shot with a bolt by an orc warrior

Illustrated notes

Levels and vault maps discovered:
D:1:      dreamdust_arrival_beginning_and_end, layout_loops_cross,
          nicolae_wormholes
D:2:      layout_basic, shapermc_ecumenical_altar_notcrosses
D:3:      layout_basic, serial_corexii_hall, chequers_hall_statues_wall_a,
          chequers_hall_statues_corner_a, corexii_hall_statues_u
D:4:      layout_basic, portal_sewer_entry_b, uniq_crazy_yiuf_cottage
D:5:      layout_basic, doesnt_xom_only_xom, uniq_blork_the_orc, uniq_sigmund,
          uniq_eustachio, uniq_ijyb, uniq_pikel
D:6:      layout_loops_corners, temple_hall, nicolae_sextant
D:7:      layout_gridville, minivault_5, hangedman_abyss_or_decor_passed,
          uniq_joseph
D:8:      layout_loops_cross, uniq_gastronok
Temple:   mainiacjoe_temple_starburst

Skill      XL: |  1  2  3  4  5  6  7  8  9 10 |
---------------+-------------------------------+-----
Spellcasting   | 4 5 6 8 9 11 | 11.3
Conjurations   | 5 6 7 9 10 | 10.2
Translocations | 1 2 3 5 6 8 |  8.5
Armour         | 4 |  4.6
Hexes          | 2 |  2.3
Dodging        | |  2.4
Stealth        | |  2.4

Action                   |  1- 3 |  4- 6 |  7- 9 | 10-12 || total
-------------------------+-------+-------+-------+-------++-------
Melee: Unarmed           |     1 |     5 |       |       ||     6
       Short sword       |       |    47 |    35 |       ||    82
       Scimitar          |       |       |       |     2 ||     2
Throw: Dart              |       |     1 |       |       ||     1
 Cast: Magic Dart        |    59 |    44 |    11 |     6 ||   120
       Searing Ray       |     6 |    21 |    51 |    14 ||    92
       Fulminant Prism   |       |     4 |     5 |       ||     9
       Iskenderun's Myst |       |       |    12 |     2 ||    14
Evoke: Wand              |       |       |     3 |       ||     3
  Use: Scroll            |       |     5 |     5 |       ||    10
 Stab: Sleeping          |       |     1 |       |       ||     1
Armor: Robe              |     4 |    11 |    22 |    11 ||    48
Dodge: Dodged            |    10 |    48 |    53 |    13 ||   124

Table legend: (Time is in decaauts)
 A = Elapsed time spent in this place.
 B = Non-inter-level travel time spent in this place.
 C = Inter-level travel time spent in this place.
 D = Time resting spent in this place.
 E = Time spent auto-exploring this place.
 F = Levels seen in this place.
 G = Mean time per level.
                   A        B        C        D        E       F      G
               +--------+--------+--------+--------+--------+-----+--------+
         Total |   5896 |   5374 |    522 |     80 |    177 |  10 |  589.6 |
       Dungeon |   5109 |   4642 |    467 |     80 |      0 |   8 |  638.6 |
        Temple |    241 |    186 |     55 |      0 |    177 |   1 |  241.0 |
         Sewer |    544 |    544 |      0 |      0 |      0 |   1 |  544.0 |
               +--------+--------+--------+--------+--------+-----+--------+

Top non-repeatable levels by time:
     D:5: 762 daAuts
     D:7: 748 daAuts
     D:6: 748 daAuts
     D:4: 708 daAuts
     D:3: 623 daAuts
     D:1: 579 daAuts
   Sewer: 544 daAuts
     D:2: 496 daAuts
     D:8: 442 daAuts
  Temple: 241 daAuts
